 Dungeon Crawl Stone Soup version 0.24.1 (webtiles) character file.

Game seed: 9576506976560656690, levelgen mode: deterministic

51 Oxidus the Conjurer (level 4, -4/24 HPs)
             Began as a Kobold Conjurer on Mar 26, 2020.
             Killed from afar by an orc wizard (10 damage)
             ... with a magic dart
             ... on level 3 of the Dungeon.
             The game lasted 00:06:44 (1183 turns).

Oxidus the Conjurer (Kobold Conjurer)               Turns: 1183, Time: 00:06:44

Health: -4/24      AC:  2    Str:  5    XL:     4   Next: 5%
Magic:  0/8        EV: 15    Int: 17    God:
Gold:   63         SH:  0    Dex: 15    Spells: 2/8 levels left

rFire    . . .     SeeInvis .   k - +4 whip (freeze)
rCold    . . .     Gourm    .   (shield restricted)
rNeg     . . .     Faith    .   a - +0 robe
rPois    .         Spirit   +   (no helmet)
rElec    .         Reflect  .   (no cloak)
rCorr    .         Harm     .   (no gloves)
MR       .....                  (no boots)
Stlth    ++........             e - amulet of guardian spirit
HPRegen  0.08/turn              (no ring)
MPRegen  0.11/turn              (no ring)

@: hasted, very quick
A: small, carnivore
a: no special abilities


You were on level 3 of the Dungeon.
You were very full.

You visited 1 branch of the dungeon, and saw 3 of its levels.

You collected 63 gold pieces.

Inventory:

Hand Weapons
 b - a +1 spear of flaming
 k - a +4 whip of freezing (weapon)
Missiles
 i - 16 sling bullets
Armour
 a - a +0 robe (worn)
Jewellery
 e - an amulet of guardian spirit (around neck)
Scrolls
 f - a scroll of teleportation {unknown}
Potions
 h - a potion of curing
 j - a potion of lignification {unknown}
Comestibles
 c - 3 rations
 d - 3 chunks of flesh


   Skills:
 * Level 0.1 Maces & Flails
 - Level 0.1 Polearms
 + Level 2.7 Dodging
 + Level 2.7 Stealth
 + Level 2.7 Spellcasting
 + Level 4.9 Conjurations


You had 2 spell levels left.
You knew the following spells:

 Your Spells              Type           Power        Failure   Level  Hunger
a - Magic Dart            Conj           ###.         2%          1    #......
b - Searing Ray           Conj           ###...       3%          2    ##.....
c - Dazzling Spray        Conj/Hex       ##....       21%         3    ###....

Your spell library contained the following spells:

 Spells                   Type           Power        Failure   Level  Hunger
 Iskenderun's Mystic Bla  Conj           ###.....     24%         4    #####..
 Force Lance              Conj/Tloc      ##......     54%         4    #####..
 Fulminant Prism          Conj/Hex       ##........   54%         4    #####..


Dungeon Overview and Level Annotations

Branches:
Dungeon (3/15)

Altars:


Innate Abilities, Weirdness & Mutations

You are small and have problems with some larger weapons.
You are carnivorous and can eat meat at any time.


Message History

You see here a +0 hand axe.
It was a potion of haste.
You feel yourself speed up. Something hits you.
* * * LOW HITPOINT WARNING * * *
The orc priest misses you.
It was a potion of curing.
You feel better. Something hits you but does no damage.
You hit something. You freeze something. The orc priest completely misses you.
Something hits you but does no damage.
Unknown command.
You closely miss something. The orc priest closely misses you.
Something hits you but does no damage.
You hit something but do no damage.
The orc priest mumbles some strange prayers to Beogh against you.
You barely resist. Something hits you but does no damage.
You closely miss something.
The orc priest looks encouraged for a moment.
You hear some strange, mumbled words.
A magic dart appears from out of thin air!
The magic dart hits you!
You die...

.# #.# # .#
#.######..#
##.###..........
###........o.{ogo#
##...####.##.###...
#.....# #g# .#
#.....# #o# .#
#..##.....###)# .#
#...........{@# .#
#######.####### .#
#.# .. #.# #.# #.##
##.#.## ..###.##
##.# ##.###


You could see an orc priest and a hobgoblin.

Vanquished Creatures
  2 adders (D:2)
  2 leopard geckos
  3 orcs (D:3)
  2 bats
  A giant cockroach (D:3)
  4 goblins
  2 hobgoblins
  3 jackals (D:1)
  2 kobolds
  3 frilled lizards (D:1)
  3 rats
27 creatures vanquished.

Notes
Turn   | Place    | Note
-------+----------+-------------------------------------------
     0 | D:1      | Oxidus the Kobold Conjurer began the quest for the Orb.
     0 | D:1      | Reached XP level 1. HP: 10/10 MP: 3/3
   213 | D:1      | Reached XP level 2. HP: 8/15 MP: 1/5
   357 | D:1      | Learned a level 2 spell: Searing Ray
   520 | D:2      | Reached XP level 3. HP: 19/19 MP: 4/6
   770 | D:2      | Learned a level 3 spell: Dazzling Spray
  1173 | D:3      | Reached XP level 4. HP: 18/24 MP: 3/8
  1177 | D:3      | HP: 1/24 [something (1)]
  1183 | D:3      | Killed from afar by an orc wizard

Levels and vault maps discovered:
D:1:      scummos_arrival_hexagon, layout_loops_corners
D:2:      layout_basic
D:3:      layout_loops_ring, uniq_sigmund

Action                   |  1- 3 |  4- 6 || total
-------------------------+-------+-------++-------
Melee: Spear             |    42 |       ||    42
       Whip              |    10 |     4 ||    14
 Cast: Magic Dart        |    13 |       ||    13
       Searing Ray       |     2 |       ||     2
  Use: Potion            |     1 |     2 ||     3
 Stab: Sleeping          |     1 |       ||     1
  Eat: Chunk             |     9 |       ||     9
Armor: Robe              |     6 |     1 ||     7
Dodge: Dodged            |    42 |     3 ||    45
